[Event "Marienbad A1-GM 2024"]
[Site "Marianske Lazne"]
[Date "2024.01.16"]
[Round "4.2"]
[White "Samani, Yamac"]
[Black "Baenziger, Fabian"]
[Result "1-0"]
[ECO "A06"]
[WhiteElo "2380"]
[BlackElo "2414"]
[Annotator "TA"]
[PlyCount "63"]
[EventDate "2024.01.10"]
[EventType "tourn"]
[EventCountry "CZE"]
[SourceTitle "playchess.com"]
[Source "ChessBase"]
[SourceQuality "1"]
[TimeControl "40/5400+30:1800+30"]

1. Nf3 d5 2. e3 Nf6 3. c4 e6 4. Nc3 Bd6 5. b3 O-O 6. Bb2 c6 7. Be2 Re8 8. d4 Nbd7 9. O-O b6 {[%emt 0:01:40] D45: Semi-Slav: 5 e3.} 10. a4 Bb7 {[%emt 0:13:56] [#]} 11. Qb1 $146 ({Predecessor:} 11. Re1 Rc8 12. Qb1 c5 13. cxd5 exd5 14. Rd1 Qe7 15. a5 Bb8 16. axb6 axb6 17. Ba6 Bxa6 18. Rxa6 cxd4 19. exd4 {0-1 Karthik,V (2609)-Kobalia,M (2542) Wch Rapid Samarkand 2023 (8)}) 11... a5 {[%emt 0:04:18] The position is equal.} 12. Rd1 Qe7 13. e4 dxe4 14. Nxe4 Nxe4 15. Qxe4 f5 16. Qd3 Rad8 17. Bf1 Nf6 18. Qc2 Kh8 19. Re1 Ne4 20. Rad1 Bb4 21. Re3 c5 22. d5 exd5 23. cxd5 Bxd5 24. Ne5 Qc7 25. f3 (25. Bc4 $14 Rxe5 26. Red3) 25... Nf6 {[%emt 0:03:15][%cal Oc5c4] Strongly threatening ...c4!} (25... Rxe5 {with more complications.} 26. Bxe5 Qxe5 27. fxe4 c4) 26. Bc4 f4 27. Re2 {[%emt 0:02:31][%cal Od1d5] Hoping for Rxd5!} Qb7 {[%emt 0:02:00] [#] Black cannot hold the game after this.} (27... Bxc4 $11 {and Black is okay.} 28. Nxc4 Rxd1+ 29. Qxd1 Rd8) 28. Rxd5 $1 Rxd5 {[%emt 0:01:19] [#]} 29. Qf5 $1 Red8 (29... Rf8 $142) 30. Qxf4 $18 ({Worse is} 30. Bxd5 Qxd5 31. Qxf4 Qd1+ 32. Kf2 Rd2 33. Nf7+ Kg8 34. Nh6+ gxh6 $11) 30... Rd1+ 31. Kf2 Bd2 $2 (31... R1d5 32. Qh4 (32. Bxd5 Qxd5 33. Nc4 Rf8 $16) 32... Rxe5 33. Bxe5 Qe7) 32. Qh4 {[%emt 0:01:02] Weighted Error Value: White=0.07 (flawless) /Black=0.31} 1-0

[Event "Marienbad A1-GM 2024"]
[Site "Marianske Lazne"]
[Date "2024.01.16"]
[Round "4.3"]
[White "Neuman, Petr"]
[Black "Haring, Filip"]
[Result "1/2-1/2"]
[ECO "E32"]
[WhiteElo "2398"]
[BlackElo "2432"]
[Annotator "TA"]
[PlyCount "135"]
[EventDate "2024.01.10"]
[EventType "tourn"]
[EventCountry "CZE"]
[SourceTitle "playchess.com"]
[Source "ChessBase"]
[SourceQuality "1"]
[TimeControl "40/5400+30:1800+30"]

1. d4 Nf6 2. c4 e6 3. Nc3 Bb4 4. Qc2 O-O 5. a3 Bxc3+ 6. Qxc3 b6 7. Bg5 Bb7 8. e3 d6 {[%emt 0:01:51] E32: Nimzo-Indian: Classical (4 Qc2): 4...0-0.} 9. Ne2 Nbd7 10. Qd3 h6 11. Bh4 Re8 12. Nc3 Nf8 13. O-O-O Ng6 14. Bg3 a6 15. f3 b5 {[%emt 0:14:23] [#]} 16. Qc2 $146 ({Predecessor:} 16. cxb5 axb5 17. Qxb5 Ba6 18. Qb3 Qe7 19. Bxa6 Rxa6 20. h4 Rb6 21. Qc4 Qd7 22. h5 {0-1 Ginderskov,H (2330)-Lebedev,V (2370) Baltic Sea tt8 B06 email 2008}) 16... bxc4 17. Bxc4 Nd5 18. Rhe1 Qg5 19. Qd2 Nxc3 20. Qxc3 Ne7 (20... h5 $142) 21. Qd2 Bd5 22. Bxd5 exd5 (22... Qxd5 {is more complex.} 23. Kb1 Reb8 24. Rc1 Rb7) 23. e4 Qg6 24. Qc2 Reb8 25. Rd3 Rb6 26. Rb3 Rab8 27. Rxb6 Rxb6 28. Kb1 Rc6 29. Qb3 dxe4 30. fxe4 d5 31. Ka2 dxe4 32. d5 $1 Rb6 33. Qc4 Qf6 34. Re2 Rb5 35. Qxe4 Nxd5 36. Qc2 Rb8 {[%emt 0:02:22] Against Re8+} 37. Qc4 Ne3 {[%emt 0:01:54][%mdl 64] Deflection} 38. Qe4 (38. Rxe3 $2 Qxb2#) (38. Qxc7 $2 Qe6+ 39. Kb1 (39. Ka1 $2 Rc8 $19) 39... Qf5+ 40. Ka2 (40. Ka1 $2 Rc8 $19) 40... Qd5+ 41. Ka1 Rb3 $19) (38. Qd3 $14 {stays ahead.} Nf5 39. Bxc7) 38... Nd1 $36 {[%emt 0:01:39][%cal Rb8b2][%mdl 2048] Black has strong initiative.} 39. Be5 (39. Qe5 $17 Qxe5 40. Bxe5) 39... Qe6+ $19 ({Not} 39... Qb6 40. Qg4 Qb3+ 41. Ka1 $11) 40. Ka1 {[%emt 0:00:07] [#]} Re8 $1 41. Qd4 {[%emt 0:35:03] [#]} f6 ({Better is} 41... Nxb2 $1 $19 {Threatens to win with ...Nc4.} 42. Kxb2 (42. Qxb2 $2 {loses.} f6 $19) 42... f6) 42. Qxd1 $15 fxe5 {[%emt 0:00:05][%mdl 4096] Endgame KQR-KQR} 43. Qc2 Re7 44. Re4 Qd5 45. Qe2 Re6 46. Kb1 Qb5 47. Qc4 {[%emt 0:00:00] The position is equal.} Qxc4 48. Rxc4 $11 {[%emt 0:00:00] KR-KR} c6 49. Ra4 e4 {[%emt 0:00:51] ...e3 is the strong threat.} 50. Kc1 e3 {[%emt 0:00:10] ( -> ...e2)} 51. Kd1 Rd6+ 52. Ke1 Rd2 53. b4 $1 Rxg2 54. Rxa6 Rc2 55. h4 Kf7 {[%emt 0:02:12] aiming for ...g5.} 56. Ra7+ Kf6 {[%emt 0:00:39] White must now prevent ...g5.} 57. Rc7 Rc3 58. Ke2 Rxa3 59. Rxc6+ Kf5 60. Rc7 g6 61. Rc5+ Kg4 62. Rc4+ Kh5 63. Re4 Rb3 64. Kf3 g5 65. hxg5 hxg5 66. Rxe3 g4+ 67. Kf2 Rxb4 68. Kg3 {[%emt 0:00:00] Weighted Error Value: White=0.09 (flawless) /Black=0.07 (flawless)} 1/2-1/2

[Event "Marienbad A1-GM 2024"]
[Site "Marianske Lazne"]
[Date "2024.01.16"]
[Round "4.4"]
[White "Pang, Tao"]
[Black "Haba, Petr"]
[Result "1-0"]
[ECO "D27"]
[WhiteElo "2430"]
[BlackElo "2437"]
[Annotator "TA"]
[PlyCount "65"]
[EventDate "2024.01.10"]
[EventType "tourn"]
[EventCountry "CZE"]
[SourceTitle "playchess.com"]
[Source "ChessBase"]
[SourceQuality "1"]
[TimeControl "40/5400+30:1800+30"]

1. d4 d5 2. c4 c6 3. Nf3 Nf6 4. e3 a6 5. Bd3 e6 6. O-O dxc4 7. Bxc4 c5 8. dxc5 Bxc5 9. Nc3 Qxd1 10. Rxd1 b5 11. Be2 Bb7 12. Nd2 {[%emt 0:01:08][%cal Bf3d2,Bd2b3,Bb3c5,Bc5a6,Ba6c7,Bc7d5][%mdl 32] D27: Queen's Gambit Accepted: Classical main line: 7 e4!? and 7 a4.} Be7 13. Nb3 Nc6 14. e4 {[%emt 0:04:54] [#] White is slightly better.} b4 $146 ({Predecessor:} 14... Nd7 15. Be3 Rd8 16. f4 O-O 17. Rac1 Nb4 18. Na5 Ba8 19. a3 Nc6 20. Nb3 b4 21. axb4 Nxb4 {0-1 Buhmann,R (2580)-Donchenko,A (2659) Hobbits Invitational blitz 2021 (3.12)}) 15. Na4 Nxe4 16. Be3 Rd8 17. f3 Nf6 18. Nbc5 Ba8 19. Nb6 {[%emt 0:04:01] Black must now prevent Rxd8+.} O-O 20. Nxa6 Nd5 (20... Ne5 $11) 21. Nxd5 $16 exd5 22. Bb6 {[%emt 0:03:45][%cal Be3b6,Bb6c7,Bc7b8,Bb8d6,Bd6e7][%mdl 96] [#] Deflection} Rc8 23. Nc7 {[%emt 0:03:57] White has more active pieces.} ({Don't do} 23. Rxd5 Nb8 24. Ra5 Rc2 $14) 23... Bf6 24. Nxd5 ({Not} 24. Rxd5 Nd4 25. Rxd4 Bxd4+ 26. Bxd4 Rxc7 $15) 24... Bxb2 {[%emt 0:08:09] Black is weak on the light squares} 25. Rab1 Ba3 {[%emt 0:00:04] This move loses the game for Black.} (25... Be5 $16) 26. Ba6 $18 Rb8 {[%emt 0:06:23] [#]} 27. Bc7 $1 Bb7 28. Bxb8 Bxa6 29. Bd6 Rd8 (29... Ra8 $142 30. Nxb4 Bxb4) 30. Ne7+ Nxe7 {[%emt 0:00:05] White is winning.} 31. Bxe7 Rxd1+ 32. Rxd1 f6 33. Rd4 {[%emt 0:00:36] Inhibits Bc4.   Weighted Error Value: White=0.18 (very precise) /Black=0.29 (precise)} 1-0

[Event "Marienbad A1-GM 2024"]
[Site "Marianske Lazne"]
[Date "2024.01.16"]
[Round "4.5"]
[White "Natsidis, Christoph"]
[Black "Stein, Robert"]
[Result "1/2-1/2"]
[ECO "D30"]
[WhiteElo "2324"]
[BlackElo "2429"]
[Annotator "TA"]
[PlyCount "15"]
[EventDate "2024.01.10"]
[EventType "tourn"]
[EventCountry "CZE"]
[SourceTitle "playchess.com"]
[Source "ChessBase"]
[SourceQuality "1"]
[TimeControl "40/5400+30:1800+30"]

1. d4 d5 2. c4 e6 3. Nf3 h6 4. Nc3 Nf6 5. e3 a6 6. b3 {[%emt 0:05:01] D37: Queen's Gambit Declined: 5 Bf4.} c5 7. cxd5 cxd4 {[%emt 0:04:36] [#]} 8. Nxd4 $146 {[%emt 0:05:43] A rather calm draw.   Weighted Error Value: White=0.09 (flawless) /Black=0.05 (flawless)} ({Predecessor:} 8. Qxd4 exd5 9. Bb2 Nc6 10. Qd3 Bd6 11. Be2 O-O 12. O-O Be6 13. Rac1 Qe7 14. Nd4 {½-½ Bu,X (2690)-Tabatabaei,M (2685) Asian Games Hangzhou rapid 2023 (7)}) 1/2-1/2

[Event "Marienbad A1-GM 2024"]
[Site "Marianske Lazne"]
[Date "2024.01.16"]
[Round "5.1"]
[White "Stein, Robert"]
[Black "Kusa, Jakub"]
[Result "0-1"]
[ECO "D30"]
[WhiteElo "2429"]
[BlackElo "2350"]
[Annotator "TA"]
[PlyCount "88"]
[EventDate "2024.01.10"]
[EventType "tourn"]
[EventCountry "CZE"]
[SourceTitle "playchess.com"]
[Source "ChessBase"]
[SourceQuality "1"]
[TimeControl "40/5400+30:1800+30"]

1. d4 d5 2. c4 e6 3. Nf3 Nf6 4. g3 Bb4+ 5. Nbd2 dxc4 6. Bg2 b5 {[%emt 0:00:45] Prevents Qa4. E04: Open Catalan: 5 Nf3.} 7. a3 {[%emt 0:01:26][%mdl 1024] White has compensation. Recently 7.Ne5 got a lot of attention.} Be7 8. Ne5 Nd5 $1 {[%emt 0:00:39] [#] Black is slightly better.} 9. b3 $146 ({Predecessor:} 9. O-O O-O 10. b3 Bb7 11. bxc4 Nc3 12. Qe1 Bxg2 13. Kxg2 bxc4 14. Ndf3 Ne4 15. Nxc4 {½-½ Robson,R (2690)-Caruana,F (2763) USA-ch Saint Louis 2022 (2)}) 9... Bb7 {[%emt 0:07:30] ...Nc3 would be deadly.} 10. e4 (10. bxc4 Nc3 11. Qb3 Bxg2 $17) 10... c3 (10... Nb6 $1 $15 11. Bb2 N8d7 12. Nxd7 Qxd7) 11. Nb1 $11 Nf6 12. Nxc3 b4 13. Na4 O-O 14. f3 Na6 (14... Nfd7 $11) 15. Be3 bxa3 16. O-O Nd7 17. Nd3 (17. Nc4 $11) 17... Nb4 $17 18. Nxb4 Bxb4 19. Qc2 a5 20. Rfd1 Rc8 ({Black should try} 20... Qe7 $17) 21. Rac1 (21. Bc1 $15) 21... Qe7 22. f4 Rfd8 23. h3 {[%emt 0:00:12] [#]} f5 $1 24. e5 (24. Bf2 Bxe4) 24... Bxg2 25. Kxg2 Nf8 (25... Nb6 $19 {and Black stays clearly on top. Threatens to win with ...Nd5.} 26. Kh2 Nd5) 26. d5 {[%emt 0:02:27] Loses the game.} Qf7 $19 (26... Rxd5 27. Nb6 cxb6 28. Qxc8 $11) (26... exd5 27. Qxf5 Ne6 28. Qd3 $17 (28. Rc6 d4 $17)) 27. dxe6 (27. Ra1 {was called for.}) 27... Nxe6 {[%emt 0:00:08] And now ...Rxd1 would win.} 28. Qf2 $2 (28. Kf2) 28... Rxd1 29. Rxd1 Rd8 30. Qf3 Qe8 {[%emt 0:02:02] White must now prevent ...Rxd1.} 31. g4 Rxd1 32. Qxd1 Qc6+ 33. Kf2 g6 34. gxf5 gxf5 {[%emt 0:00:11] aiming for ...a2.} 35. Qb1 Qe4 36. Qg1+ Kf7 37. Qd1 a2 38. Nc3 Bxc3 {[%emt 0:02:45] Black mates.} 39. Qd7+ Kf8 40. Qxe6 {[%emt 0:01:43] [#]} Be1+ $1 {[%emt 0:00:34][%mdl 576] Decoy, Promotion} 41. Ke2 Qg2+ (41... a1=B 42. Qc8+ Kg7 43. Qxc7+ Kg6 44. Qd8 $11 (44. Qb6+ Kh5 $11)) (41... a1=Q 42. Qf6+ Kg8 43. Qg5+ Kh8 44. Qf6+ Kg8 45. Qd8+ Kg7 46. Qf6+ Kg8 $11) 42. Kd3 Qf1+ ({Don't play} 42... a1=B 43. Bc5+ (43. Qxf5+ Kg8 $11) 43... Kg7 44. Qf6+ Kg8 45. Qf8#) 43. Kd4 a1=Q+ (43... a1=B+ $2 {loses.} 44. Kc5 $19) 44. Kd5 Qd1+ {[%emt 0:00:53] A superb game by Kusa.   Weighted Error Value: White=0.89/Black=0.27 (precise)} ({Much less strong is} 44... Qxh3 45. Bc5+ Kg7 46. Qf6+ Kg8 47. Qf8#) 0-1

[Event "Marienbad A1-GM 2024"]
[Site "Marianske Lazne"]
[Date "2024.01.16"]
[Round "5.2"]
[White "Haba, Petr"]
[Black "Natsidis, Christoph"]
[Result "1/2-1/2"]
[ECO "B43"]
[WhiteElo "2437"]
[BlackElo "2324"]
[Annotator "TA"]
[PlyCount "88"]
[EventDate "2024.01.10"]
[EventType "tourn"]
[EventCountry "CZE"]
[SourceTitle "playchess.com"]
[Source "ChessBase"]
[SourceQuality "1"]
[TimeControl "40/5400+30:1800+30"]

1. e4 c5 2. Nf3 e6 3. d4 cxd4 4. Nxd4 a6 5. Nc3 Qc7 6. Bd3 Nf6 7. O-O d6 8. a4 b6 9. f4 Bb7 10. Qe2 Nbd7 11. Kh1 Be7 12. Bd2 {[%emt 0:00:30] B82: Sicilian Scheveningen: 6 f4.} O-O 13. Rae1 Nc5 14. b4 Nxd3 15. cxd3 Rac8 {[%emt 0:04:46] [#]} 16. Rf3 $146 ({Predecessor:} 16. b5 axb5 17. Ncxb5 Qd7 18. Bb4 Ba6 19. Rc1 Rxc1 20. Rxc1 Rc8 21. Qd2 Bf8 22. h3 {1-0 Pichot,A (2543)-Aroshidze,L (2517) Titled Tuesday intern op 4th Oct blitz 2016 (1)}) 16... Nd7 17. Rh3 g6 18. f5 Bf6 19. Qe3 (19. Qf2 $5 ) 19... Bg7 {[%emt 0:01:45] Inhibits Qh6.} 20. fxe6 $40 {[%emt 0:07:16][%mdl 128] Black needs to defend precisely.} Ne5 21. Qg3 {[%emt 0:02:44] Inhibits Ng4. And now Qh4 would win. White is more active.} fxe6 (21... Rce8 $14) 22. Nxe6 $18 Qf7 {[%emt 0:00:11][%cal Of7f1] ( -> ...Qf1+!)} 23. Nxf8 Rxf8 24. Rg1 {[%emt 0:00:44] Inhibits Qf1.} (24. Qh4 $2 {gets mated.} Qf1+ 25. Rxf1 Rxf1#) 24... h5 25. Rh4 (25. Qh4 $18) 25... Ng4 {[%emt 0:00:44] ...Nf2+ would be deadly.} 26. Rxg4 (26. Qxd6 $2 Nf2#) (26. Nd1 {simplifies} d5 27. Rxg4 hxg4 28. Qxg4 dxe4 29. dxe4 Re8 30. Nc3) 26... hxg4 27. Qxd6 (27. Nd1 {simplifies} d5 28. Qxg4 dxe4 29. dxe4 Re8 30. Nc3) 27... Qf2 (27... Qf6 $1 $14 28. Qc7 Qc6) 28. Be1 (28. Nd5 $16 {Threatens to win with Ne7+.} Bxd5 29. Qxd5+ Kh7 30. Qg5) 28... Qd4 (28... Qf6 $14 29. Qg3 Qf4 30. Qxf4 Rxf4) 29. Qxg6 Qxd3 30. Qxg4 Rf1 31. Qe2 ({White should try} 31. Ne2 $18 Qxe4 32. Qxe4 Rxg1+ 33. Kxg1 Bxe4 34. Kf2) 31... Rxg1+ $16 32. Kxg1 Qd4+ 33. Kh1 {[%emt 0:01:33][%cal Oc3d5] Black must now prevent Nd5!} Qxb4 34. Qd3 Bxc3 {[%emt 0:02:21][%mdl 64] Remove Defender} 35. Bxc3 Qxe4 {[%emt 0:02:46][%csl Gb7][%cal Re4g2][%mdl 4096] Endgame KQB-KQB} 36. Qg3+ Kf7 {[%emt 0:00:12][%cal Ob7c6] [#]} 37. h3 (37. Qf2+ $1 $16 Ke8 38. Qg3 (38. Qxb6 $2 Qxg2#)) 37... b5 (37... Bc6 $14) 38. axb5 axb5 39. Kh2 (39. Qf2+ $16 Ke7 40. Qd2) 39... Ke6 (39... b4 $1 $11 {remains equal.} 40. Bb2 Ke6) 40. Qg8+ (40. Qe1 {simplifies} Kd5 41. Qxe4+ Kxe4 42. Bb4) 40... Kd6 {[%emt 0:00:33] [#]} 41. Bb4+ $1 Kd7 (41... Kc7 42. Qf7+) 42. Qg7+ Ke8 43. Qf8+ Kd7 44. Qg7+ Ke8 $1 {[%emt 0:00:05] White really could win this.   Weighted Error Value: White=0.25 (precise) /Black=0.24 (precise)} 1/2-1/2

[Event "Marienbad A1-GM 2024"]
[Site "Marianske Lazne"]
[Date "2024.01.16"]
[Round "5.3"]
[White "Haring, Filip"]
[Black "Pang, Tao"]
[Result "1/2-1/2"]
[ECO "C02"]
[WhiteElo "2432"]
[BlackElo "2430"]
[Annotator "TA"]
[PlyCount "112"]
[EventDate "2024.01.10"]
[EventType "tourn"]
[EventCountry "CZE"]
[SourceTitle "playchess.com"]
[Source "ChessBase"]
[SourceQuality "1"]
[TimeControl "40/5400+30:1800+30"]

1. e4 e6 2. d4 d5 3. e5 c5 4. c3 Nc6 5. Nf3 Bd7 6. Bd3 cxd4 {[%emt 0:00:45] C02: French: Advance Variation.} 7. O-O (7. cxd4 $11 Qb6 8. Bc2) 7... dxc3 $1 {[%emt 0:00:30] The main line 7...dxc3 scores better than 7...Qb6.} 8. Nxc3 Nge7 {[%emt 0:00:36] Black is slightly better.} 9. Bg5 a6 {[%emt 0:01:00] Wards off Nb5} 10. Re1 h6 11. Bh4 (11. Be3 $15) 11... g5 12. Bg3 {[%emt 0:00:37] [#]} Bg7 $146 ({Predecessor:} 12... Ng6 13. Qb1 Rg8 14. a3 Be7 15. b4 g4 16. Bxg6 Rxg6 17. Nd2 h5 18. Qd3 Bg5 {½-½ Kobese,W (2305)-Klaasen,C (2209) Kimberley Moja op 2023 (4)}) 13. h3 Ng6 (13... O-O $17) 14. Rc1 $11 O-O 15. Bb1 Be8 16. Na4 Rc8 17. Nc5 {[%emt 0:02:09] [#] Threatens to win with Bxg6.} Qe7 18. Nd3 (18. Na4 $11 {keeps the balance.}) 18... Bd7 $17 19. Qd2 Qd8 (19... Rfd8 $17) 20. Nc5 $11 Rc7 21. b4 Bc8 22. Bd3 Nce7 23. Nd4 {[%emt 0:01:20] [#]} (23. h4 $11) 23... Nf5 $1 $17 24. Nxf5 exf5 25. f4 gxf4 26. Bxf4 Nxf4 27. Qxf4 Qg5 28. g3 b6 29. Nb3 (29. Nxa6 $2 {is the wrong capture.} Rxc1 30. Rxc1 Bxe5 31. Qxg5+ hxg5 $19) 29... Rxc1 30. Rxc1 Re8 $36 {[%emt 0:00:17][%mdl 2048] Black has strong initiative.} 31. Nd4 Bxe5 32. Qxg5+ hxg5 33. Nxf5 Bd7 34. Kg2 Kf8 35. h4 gxh4 36. gxh4 Rc8 (36... Re6 $17 37. h5 Rf6) 37. Rxc8+ $15 Bxc8 {[%emt 0:00:01][%mdl 4096] Endgame KBB-KBN. This pair of bishops is nice.} 38. a4 a5 39. bxa5 bxa5 40. Kf3 Bd7 41. Bc2 Bf6 42. Ke3 Kg8 43. Nh6+ Kg7 $1 44. Nf5+ Kh8 45. Kf4 Bb2 46. Bb3 Be6 47. Ne7 Bf6 48. Nc6 Bc3 49. Ne7 Bb4 50. Nxd5 Be1 51. h5 Kg7 52. Bc4 Bf2 53. Kf3 Bc5 54. Ne3 Bd7 55. Bb3 Kh6 56. Ng4+ Bxg4+ {[%emt 0:00:00] Weighted Error Value: White=0.11 (very precise) /Black=0.10 (very precise)} (56... Kxh5 $2 57. Nf6+ (57. Bxf7+ Kh4 $17) 57... Kg6 58. Nxd7 $18) (56... Kg5 $5 57. Ne5 Be8 $11) 1/2-1/2

[Event "Marienbad A1-GM 2024"]
[Site "Marianske Lazne"]
[Date "2024.01.16"]
[Round "5.4"]
[White "Baenziger, Fabian"]
[Black "Neuman, Petr"]
[Result "1-0"]
[ECO "D15"]
[WhiteElo "2414"]
[BlackElo "2398"]
[Annotator "TA"]
[PlyCount "45"]
[EventDate "2024.01.10"]
[EventType "tourn"]
[EventCountry "CZE"]
[SourceTitle "playchess.com"]
[Source "ChessBase"]
[SourceQuality "1"]
[TimeControl "40/5400+30:1800+30"]

1. d4 d5 2. c4 c6 3. Nf3 Nf6 4. Nc3 a6 5. e3 Bf5 6. Ne5 {[%emt 0:01:36] D15: Slav Defence: 4 Nc3 a6 and gambit lines after 4 Nc3 dxc4.} Nbd7 7. Qb3 Qc7 8. cxd5 {[%emt 0:00:07] White is slightly better.} Nxe5 9. dxe5 Nxd5 10. Nxd5 cxd5 11. Bd2 Qxe5 12. Be2 Bd7 13. Bc3 Qc7 14. Qxd5 Bc6 {[%emt 0:04:57] Black is weak on the dark squares} 15. Qg5 (15. Qc4 $5 ) 15... f6 16. Qg4 {[%emt 0:01:24] [#]} g6 $146 ({Predecessor:} 16... Qd7 17. Qh4 Bxg2 18. Rg1 Qh3 19. Qc4 Rd8 20. Ba5 Rc8 21. Qg4 Rc5 22. Bb4 Qxg4 23. Bxg4 {½-½ Vidit,S (2669)-Andreikin,D (2733) Titled Tuesday intern op 2nd Aug blitz 2016 (5)}) 17. O-O Bg7 18. Qc4 {[%emt 0:07:01] White is more active.} b5 19. Qe6 Qb7 $2 {[%emt 0:00:14] Loses the game.} ({Black should try} 19... Qd7 $14 20. Bg4 b4 21. Qxd7+ (21. Bxb4 f5 $14) 21... Bxd7 22. Bxd7+ Kxd7 23. Bxb4 f5) 20. Rfd1 $18 {[%emt 0:00:29] [#] Hoping for Ba5.} Rf8 $2 (20... Qc8 21. Qb3 a5) 21. Rac1 {[%emt 0:09:07] White is clearly winning.} Rf7 (21... Bd7 $142 22. Qb3 Rc8) 22. Ba5 Bd7 23. Bf3 {[%emt 0:01:33][%mdl 64] Skewer.   Weighted Error Value: White=0.09 (flawless) /Black=0.46} 1-0

[Event "Marienbad A1-GM 2024"]
[Site "Marianske Lazne"]
[Date "2024.01.16"]
[Round "5.5"]
[White "Stefansson, Hannes"]
[Black "Samani, Yamac"]
[Result "1/2-1/2"]
[ECO "C88"]
[WhiteElo "2498"]
[BlackElo "2380"]
[Annotator "TA"]
[PlyCount "31"]
[EventDate "2024.01.10"]
[EventType "tourn"]
[EventCountry "CZE"]
[SourceTitle "playchess.com"]
[Source "ChessBase"]
[SourceQuality "1"]
[TimeControl "40/5400+30:1800+30"]

1. e4 e5 2. Nf3 Nc6 3. Bb5 a6 4. Ba4 Nf6 5. O-O Be7 6. Re1 b5 7. Bb3 O-O 8. a4 $1 {[%emt 0:01:26][%mdl 4] axb5 is the strong threat. is currently scoring better than 8.c3.} Na5 {[%emt 0:00:47] C88: Closed Ruy Lopez: Anti-Marshall Systems.} 9. Ba2 {[%emt 0:00:54] [#]} (9. axb5 $5 Nxb3 10. cxb3 $14) {Predecessor:} 9... d6 $146 10. b4 Nc4 11. Nc3 c6 12. a5 d5 13. Bxc4 dxc4 14. Ba3 Bg4 15. d3 cxd3 16. cxd3 {0-1 Sevian,S (2696)-Nepomniachtchi,I (2771) Saint Louis Blitz 2023 (4)} 1/2-1/2

[Event "Marienbad A1-GM 2024"]
[Site "Marianske Lazne"]
[Date "2024.01.17"]
[Round "6.1"]
[White "Kusa, Jakub"]
[Black "Samani, Yamac"]
[Result "1/2-1/2"]
[ECO "E68"]
[WhiteElo "2350"]
[BlackElo "2380"]
[Annotator "RC"]
[PlyCount "57"]
[EventDate "2024.01.10"]
[EventType "tourn"]
[EventCountry "CZE"]
[SourceTitle "playchess.com"]
[Source "ChessBase"]
[SourceQuality "1"]
[TimeControl "40/5400+30:1800+30"]

1. d4 Nf6 2. Nf3 g6 3. g3 Bg7 4. Bg2 O-O 5. O-O d6 6. c4 Nbd7 7. Nc3 e5 8. e4 exd4 9. Nxd4 Re8 10. Be3 Nc5 11. f3 a5 12. Qd2 c6 13. Rfd1 Nfd7 14. b3 Qe7 15. Bh6 Bh8 16. Nde2 a4 17. b4 Ne6 18. Qxd6 Qxd6 19. Rxd6 Ne5 20. c5 g5 21. f4 Ng4 22. Bxg5 Nxg5 23. fxg5 Be5 24. Rd2 Ne3 25. Rc1 Nc4 26. Rdd1 Nb2 27. Rd2 Nc4 28. Rdd1 Nb2 29. Rd2 1/2-1/2

[Event "Marienbad A1-GM 2024"]
[Site "Marianske Lazne"]
[Date "2024.01.17"]
[Round "6.2"]
[White "Neuman, Petr"]
[Black "Stefansson, Hannes"]
[Result "1-0"]
[ECO "A40"]
[WhiteElo "2398"]
[BlackElo "2498"]
[Annotator "TA"]
[PlyCount "55"]
[EventDate "2024.01.10"]
[EventType "tourn"]
[EventCountry "CZE"]
[SourceTitle "playchess.com"]
[Source "ChessBase"]
[SourceQuality "1"]
[TimeControl "40/5400+30:1800+30"]

1. d4 Nf6 2. c4 e6 3. g3 c5 4. Nf3 cxd4 5. Nxd4 d5 6. Bg2 e5 7. Nb3 d4 8. O-O Nc6 {[%emt 0:01:03] E01: Catalan: Early deviations.} 9. e3 {[%emt 0:00:37] The modern move.} Bg4 10. f3 Be6 {[%emt 0:01:23] Black has an edge.} 11. exd4 exd4 12. Bg5 Be7 13. N1d2 O-O (13... d3 {feels hotter.} 14. f4 O-O 15. Kh1 Rc8) 14. Bxf6 Bxf6 ({Of course not} 14... gxf6 15. f4 $11) 15. Nc5 Bf5 {[%emt 0:05:09] [#]} 16. Nde4 $146 ({Predecessor:} 16. g4 Qe7 17. Nde4 Bxe4 18. Nxe4 Rad8 19. Qb3 d3 20. Rad1 Bd4+ 21. Kh1 Ne5 22. g5 {0-1 Sjodahl,P (2421)-Brynell,S (2472) SWE-chT 0910 2009 (2)}) 16... d3 17. Kh1 Bxb2 {[%emt 0:18:24] A strong pair of Bishops.} 18. Rb1 Bd4 (18... b6 $15 {stays ahead.} 19. Nxd3 Bd4) 19. Nxb7 $16 Qe7 {[%emt 0:14:10] [#]} (19... Qd7 $142) 20. Ned6 $1 Qd7 (20... Bc8 $16) 21. f4 {[%emt 0:02:09] Nxf5 would be deadly.} Bh3 22. Bxh3 Qxh3 23. Qxd3 g6 (23... Qd7 $142 24. Qe4 Bf6) 24. Qe4 $18 Qd7 {[%emt 0:00:24] Black is weak on the light squares} 25. Rfd1 Rab8 26. Qd5 Bg7 $2 (26... Bb6) 27. Nc5 Qc7 {[%emt 0:00:09] [#] And now ...Ne7 would win.} 28. Na6 $1 {[%emt 0:00:37][%csl LRb8,LRc7] Weighted Error Value: White=0.14 (very precise) /Black=0.70} 1-0